 Dungeon Crawl Stone Soup version 0.26-a0-487-gbff1e92059 (webtiles) character file.

Game seed: 1047646502355531560

1282 Lovable the Sneak (level 8, -6/53 HPs)
             Began as an Octopode Transmuter on Aug 2, 2020.
             Was an Initiate of Fedhas.
             Mangled by a hippogriff (11 damage)
             ... on level 5 of the Dungeon.
             The game lasted 00:24:28 (5624 turns).

Lovable the Sneak (Octopode Transmuter)             Turns: 5624, Time: 00:24:29

Health: -6/53      AC:  8    Str:  9    XL:     8   Next: 54%
Magic:  12/12      EV: 16    Int: 16    God:    Fedhas [......]
Gold:   325        SH:  0    Dex: 20    Spells: 11/12 levels left

rFire    x . .     SeeInvis .   i - +4 dagger (protect)
rCold    + . .     Faith    .   (no shield)
rNeg     . . .     Spirit   .   (helmet currently unavailable)
rPois    .         Reflect  .   e - amulet of magic regeneration
rElec    .         Harm     .   a - ring of ice
rCorr    .                      g - +6 ring of dexterity
MR       .....                  (no ring)
Stlth    +++++.....             (no ring)
HPRegen  0.17/turn              (no ring)
MPRegen  0.38/turn              (no ring)
                                (no ring)
                                (no ring)

@: about to teleport, appendages, protection aura
A: almost no armour, stealthy swim, amphibious, 8 rings, constrict 8, tentacle
spike 3, camouflage 1, gelatinous body 1
a: End Transformation, Renounce Religion


You were on level 5 of the Dungeon.
You worshipped Fedhas.
Fedhas was noncommittal.
One of your tentacles had a temporary spike.
You visited 2 branches of the dungeon, and saw 6 of its levels.

You collected 377 gold pieces.
You paid 52 gold pieces to Gozag.

Inventory:

Hand Weapons
 i - a +4 dagger of protection (weapon)
Jewellery
 a - a ring of ice (left tentacle)
 e - an amulet of magic regeneration (around mantle)
 g - a +6 ring of dexterity (right tentacle)
Wands
 h - a wand of iceblast (6)
 j - a wand of paralysis (2)
Scrolls
 c - a scroll of remove curse
 d - a scroll of identify
Potions
 b - a potion of haste
 k - a potion of curing
 l - a potion of brilliance {unknown}
 m - a potion of flight


   Skills:
 + Level 3.6 Fighting
 + Level 5.0 Short Blades
 + Level 4.3 Dodging
 + Level 7.1 Stealth
 + Level 4.2 Unarmed Combat
 + Level 2.7 Spellcasting
 + Level 2.9 Transmutations


You had 11 spell levels left.
You knew the following spells:

 Your Spells              Type           Power        Failure   Level
a - Beastly Appendage     Tmut           ##....       6%          1

Your spell library contained the following spells:

 Spells                   Type           Power        Failure   Level
 Wereblood                Tmut           ##......     9%          2
 Spider Form              Tmut/Pois      #.........   30%         3
 Ice Form                 Ice/Tmut       ##......     71%         4
 Blade Hands              Tmut           ##........   85%         5


Dungeon Overview and Level Annotations

Branches:
Dungeon (5/15)             Temple (1/1) D:4

Altars:
Dithmenos
Elyvilon
Fedhas
Gozag
Kikubaaqudgha
Okawaru
Qazlal
Ru
Sif Muna
Trog
Wu Jian
Xom
Zin
The Shining One

Shops:
D:4 *


Innate Abilities, Weirdness & Mutations

You cannot wear most types of armour.
You are very stealthy in the water. (Stealth+)
You are amphibious.
You can wear up to eight rings at the same time.
You can use your tentacles to constrict eight enemies at once.
Your skin changes colour to match your surroundings (Stealth+).
Your rubbery body absorbs attacks. (AC +1, EV +1)
One of your tentacles bears a large vicious spike.


Message History

The hippogriff pecks you but does no damage.
The hippogriff claws you.
You hit the hippogriff. Your squeeze misses the hippogriff.
The hippogriff is lightly wounded.
The hippogriff bites you! The hippogriff pecks you.
The hippogriff claws you but does no damage.
Gozag petitions for your drink to fail. The hippogriff closely misses you.
The hippogriff barely misses you. The hippogriff misses you.
The hippogriff bites you. The hippogriff pecks you!
* * * LOW HITPOINT WARNING * * *
The hippogriff claws you but does no damage.
Okay, then.
As you read the scroll of teleportation, it crumbles to dust.
You feel strangely unstable. The hippogriff closely misses you.
The hippogriff pecks you!
* * * LOW HITPOINT WARNING * * *
The hippogriff completely misses you. The hippogriff bites you!
You die...
Fedhas appreciates your contribution to the ecosystem.

#.....##......................
##.....#......................
#..#.#........................
.. #.##.......................
# ###..#.<...................
#...#..###................
##...#.<.....#............
##..####....##...........
#...>.##@...###.....#....
...###.#.H##....##########
.Z.# #.#.###....## ### #.#.#
##....# #...####....##
#.....#.......#
#...............###
#<....<...........#
...................#


You could see a hippogriff (berserk, incited).

Vanquished Creatures
  Pikel (D:4)
  Grinder (D:3)
  Duvessa (D:3)
  An ogre (D:4)
  Dowan (D:3)
  A scorpion (D:4)
  A jelly (D:2)
  A centaur skeleton (D:4)
  3 orc priests
  An iguana (D:4)
  A hound skeleton (D:5)
  8 adders
  2 oozes
  3 leopard geckos
  11 orcs
  11 goblins
  6 hobgoblins
  4 jackals
  11 kobolds
  3 quokkas (D:3)
  A ball python (D:4)
  8 bats
  5 frilled lizards
  3 rats
  A bush (Temple)
90 creatures vanquished.

Vanquished Creatures (others)
  A rat (D:2)
1 creature vanquished.

Grand Total: 91 creatures vanquished

Notes
Turn   | Place    | Note
-------+----------+-------------------------------------------
     0 | D:1      | Lovable the Octopode Transmuter began the quest for the
                  | Orb.
     0 | D:1      | Reached XP level 1. HP: 13/13 MP: 3/3
   415 | D:1      | Reached XP level 2. HP: 7/18 MP: 3/5
  1222 | D:2      | Reached XP level 3. HP: 21/23 MP: 6/6
  1224 | D:2      | Reached skill level 1 in Stealth
  1337 | D:2      | Reached XP level 4. HP: 16/28 MP: 7/7
  1703 | D:2      | Found a faded altar of an unknown god.
  1710 | D:2      | Reached skill level 2 in Stealth
  2107 | D:2      | Reached XP level 5. HP: 33/33 MP: 8/8
  2152 | D:2      | Reached skill level 1 in Short Blades
  2602 | D:3      | Noticed Grinder
  2658 | D:3      | Killed Grinder
  2658 | D:3      | Reached skill level 4 in Stealth
  2658 | D:3      | Reached XP level 6. HP: 27/41 MP: 9/9
  2996 | D:3      | Found an opulent altar of Gozag.
  3008 | D:3      | Became a worshipper of Gozag Ym Sagoz the Greedy
  3052 | D:3      | Found a shadowy altar of Dithmenos.
  3168 | D:4      | Noticed Duvessa
  3168 | D:4      | Noticed Dowan
  3234 | D:3      | Killed Duvessa
  3234 | D:3      | Reached XP level 7. HP: 45/45 MP: 10/10
  3393 | D:3      | Killed Dowan
  3671 | D:4      | Found Womn's Assorted Antiques.
  3774 | D:4      | Found a staircase to the Ecumenical Temple.
  3791 | D:4      | Reached skill level 5 in Stealth
  4174 | D:4      | Found a shimmering blue altar of Sif Muna.
  4255 | D:4      | Noticed Pikel
  4271 | D:4      | Killed Pikel
  4271 | D:4      | Reached skill level 6 in Stealth
  4271 | D:4      | Reached XP level 8. HP: 30/52 MP: 10/12
  4505 | D:4      | Reached skill level 7 in Stealth
  4529 | D:4      | Found an ornate altar of the Wu Jian Council.
  4602 | Temple   | Entered the Ecumenical Temple
  5129 | Temple   | Fell from the grace of Gozag
  5278 | Temple   | Became a worshipper of Fedhas Madash
  5461 | D:5      | Entered Level 5 of the Dungeon
  5481 | D:5      | Reached skill level 5 in Short Blades
  5612 | D:5      | Noticed a hippogriff
  5624 | D:5      | Mangled by a hippogriff

Illustrated notes

Levels and vault maps discovered:
D:1:      wander_arrival_lonely_grave, layout_loops_corners
D:2:      layout_loops_ring, chequers_ecumenical_altar_simple
D:3:      layout_basic, overflow_temple_1_default, lemuel_crystal_altar,
          minmay_misc_feat_tiny, uniq_grinder
D:4:      layout_basic, lemuel_coloured_pillars_altar, lemuel_blue_sif_altar,
          minmay_temple_entry_water_ring, serial_shops, kennysheep_little_box,
          uniq_duvessa, uniq_pikel
D:5:      layout_rooms, minmay_between
Temple:   jpeg_temple_alley_garden

Skill      XL: |  1  2  3  4  5  6  7  8 |
---------------+-------------------------+-----
Stealth        | 1 2 4 6 7 |  7.1
Unarmed Combat | 4 |  4.2
Short Blades   | 3 4 5 |  5.0
Fighting       | 2 3 |  3.6
Dodging        | 3 4 |  4.3
Spellcasting   | |  2.7
Transmutations | |  2.9

Action                   |  1- 3 |  4- 6 |  7- 9 || total
-------------------------+-------+-------+-------++-------
Melee: Unarmed           |    22 |       |       ||    22
       Constrict         |    16 |    23 |    10 ||    49
       Kick              |     4 |     5 |    10 ||    19
       Tentacles         |    10 |    23 |    71 ||   104
       Dagger            |    29 |   113 |   207 ||   349
       Punch             |       |     1 |    10 ||    11
 Cast: Beastly Appendage |     4 |     1 |     7 ||    12
Invok: Potion Petition   |       |       |     1 ||     1
       Renounce Religion |       |       |     1 ||     1
  Use: Scroll            |     6 |     4 |     2 ||    12
       Potion            |     4 |     7 |       ||    11
 Stab: Sleeping          |     4 |    11 |     2 ||    17
       Distracted        |       |       |     2 ||     2
Armor: Skin              |     9 |    25 |    14 ||    48
Dodge: Dodged            |    46 |    87 |    36 ||   169

Table legend: (Time is in decaauts)
 A = Elapsed time spent in this place.
 B = Non-inter-level travel time spent in this place.
 C = Inter-level travel time spent in this place.
 D = Time resting spent in this place.
 E = Time spent auto-exploring this place.
 F = Levels seen in this place.
 G = Mean time per level.
                   A        B        C        D        E       F      G
               +--------+--------+--------+--------+--------+-----+--------+
         Total |   5535 |   5331 |    204 |   1056 |   2385 |   6 |  922.5 |
       Dungeon |   4719 |   4629 |     90 |   1056 |   2335 |   5 |  943.8 |
        Temple |    816 |    702 |    114 |      0 |     49 |   1 |  816.0 |
               +--------+--------+--------+--------+--------+-----+--------+

Top non-repeatable levels by time:
     D:2: 1183 daAuts
     D:3: 1143 daAuts
     D:1: 1126 daAuts
     D:4: 1106 daAuts
  Temple: 816 daAuts
     D:5: 160 daAuts
